MID
HAGERSTOWN SUNS @ PEORIA CHIEFS
08/28/2045
 
TOP OF THE 1ST
Hagerstown Suns batting - Pitching for Peoria Chiefs : LHP Carlos Toledo
Pitching: LHP Carlos Toledo
Batting: RHB John Savard 0-0: Ball
1-0: Swinging Strike
1-1: Ball
2-1: Swinging Strike
2-2: Strikes out looking
Batting: RHB Steve Bauman 0-0: Ball
1-0: Fly out, F9 (Flyball, 89M, EV 93.1 MPH)
Batting: LHB Nate Melendez 0-0: Ball
1-0: Foul Ball, location: 2F
1-1: Ground out U3 (Groundball, 34S, EV 81.2 MPH)
Top of the 1st over - 0 runs, 0 hits, 0 errors, 0 left on base; Hagerstown 0 - Peoria 0
BOTTOM OF THE 1ST
Peoria Chiefs batting - Pitching for Hagerstown Suns : RHP Gary Simmons
Pitching: RHP Gary Simmons
Batting: SHB Bobby O'Leary 0-0: Ball
1-0: Ball
2-0: Ball
3-0: Called Strike
3-1: Base on Balls
Batting: RHB John Peterson 0-0: SINGLE (Line Drive, 89S, EV 98.8 MPH)
Bobby O'Leary to second
Runner from 2nd tries for 3rd, SAFE, no throw by CF
Batting: LHB Billy Guzman 0-0: Foul Ball, location: 2F
0-1: Fielders Choice at 2nd, 3-6 (Groundball, 34S, EV 91.2 MPH)
Bobby O'Leary scores
Batting: RHB Immel Kamuzu 0-0: Swinging Strike
0-1: Ball
1-1: SINGLE (Flyball, 34D, EV 90.6 MPH)
Billy Guzman to second
Batting: LHB Robert Rauda 0-0: Fly out, F5 (Line Drive, 5, EV 72.5 MPH)
Batting: SHB Jason Kirby 0-0: Ball
1-0: Foul Ball, location: 2F
1-1: Swinging Strike
1-2: Fly out, F8 (Line Drive, 8LM, EV 94.4 MPH)
Bottom of the 1st over - 1 run, 2 hits, 0 errors, 2 left on base; Hagerstown 0 - Peoria 1
TOP OF THE 2ND
Hagerstown Suns batting - Pitching for Peoria Chiefs : LHP Carlos Toledo
Batting: RHB Slavik Nebrodov 0-0: Ball
1-0: Called Strike
1-1: Ground out 6-3 (Groundball, 6, EV 93.1 MPH)
Batting: LHB Elias Posada 0-0: Ball
1-0: Ball
2-0: Foul Ball, location: 2F
2-1: Swinging Strike
2-2: Strikes out looking
Batting: RHB Naofumi Ishida 0-0: Called Strike
0-1: Called Strike
0-2: Ball
1-2: Ball
2-2: Ball
3-2: SINGLE (Groundball, 6MD, EV 106.2 MPH)
Batting: RHB Marcus Dawson 0-0: Called Strike
0-1: Swinging Strike
0-2: Ball
1-2: Foul Ball, location: 2F
1-2: Strikes out swinging
Top of the 2nd over - 0 runs, 1 hit, 0 errors, 1 left on base; Hagerstown 0 - Peoria 1
BOTTOM OF THE 2ND
Peoria Chiefs batting - Pitching for Hagerstown Suns : RHP Gary Simmons
Batting: RHB Pat Scaturro 0-0: Called Strike
0-1: Ball
1-1: Ball
2-1: Swinging Strike
2-2: Ground out 6-3 (Groundball, 6, EV 85.0 MPH)
Batting: LHB Adam Eisen 0-0: Ball
1-0: Ball
2-0: Ball
3-0: Called Strike
3-1: Base on Balls
Batting: RHB Tommy Tracy 0-0: Called Strike
0-1: Ball
Adam Eisen steals 2nd base
1-1: Ground out 6-3 (Groundball, 6, EV 103.1 MPH)
Batting: SHB Bobby O'Leary 0-0: Ball
1-0: Foul Ball, location: 2F
1-1: Ball
2-1: Swinging Strike
2-2: Strikes out swinging
Bottom of the 2nd over - 0 runs, 0 hits, 0 errors, 1 left on base; Hagerstown 0 - Peoria 1
TOP OF THE 3RD
Hagerstown Suns batting - Pitching for Peoria Chiefs : LHP Carlos Toledo
Batting: RHB Antonio Morado 0-0: Called Strike
0-1: Ball
1-1: Foul Ball, location: 2F
1-2: Ball
2-2: Ball
3-2: Strikes out swinging
Batting: RHB Joe Klein 0-0: Called Strike
0-1: Swinging Strike
0-2: Ball
1-2: Ball
2-2: Ball
3-2: Fly out, F2 (Popup, 23F, EV 85.6 MPH)
Batting: RHB John Savard 0-0: Ball
1-0: Swinging Strike
1-1: Fly out, F8 (Flyball, 78D, EV 80.0 MPH)
Top of the 3rd over - 0 runs, 0 hits, 0 errors, 0 left on base; Hagerstown 0 - Peoria 1
BOTTOM OF THE 3RD
Peoria Chiefs batting - Pitching for Hagerstown Suns : RHP Gary Simmons
Batting: RHB John Peterson 0-0: Ball
1-0: Ball
2-0: Ball
3-0: Called Strike
3-1: DOUBLE (Line Drive, 7LD, EV 107.5 MPH)
Batting: LHB Billy Guzman 0-0: Ball
1-0: Called Strike
1-1: Ground out 5-3 (Groundball, 5, EV 80.0 MPH)
Batting: RHB Immel Kamuzu Pickoff Throw to Second - Error! E1
John Peterson to third
0-0: Ball
1-0: Called Strike
1-1: Called Strike
1-2: Ball
2-2: Ball
3-2: Fly out, F9 (Flyball, 9S, EV 94.4 MPH)
Batting: LHB Robert Rauda 0-0: Foul Ball, location: 2F
0-1: Foul Ball, location: 2F
0-2: Ball
1-2: Ball
2-2: Ground out 4-3 (Groundball, 4, EV 95.6 MPH)
Bottom of the 3rd over - 0 runs, 1 hit, 1 error, 1 left on base; Hagerstown 0 - Peoria 1
TOP OF THE 4TH
Hagerstown Suns batting - Pitching for Peoria Chiefs : LHP Carlos Toledo
Batting: RHB Steve Bauman 0-0: Foul Ball, location: 2F
0-1: Ball
1-1: Foul Ball, location: 2F
1-2: Foul Ball, location: 2F
1-2: SINGLE (Line Drive, 8RM, EV 94.4 MPH)
Batting: LHB Nate Melendez 0-0: Fly out, F7 (Flyball, 78M, EV 83.8 MPH)
Batting: RHB Slavik Nebrodov 0-0: Called Strike
0-1: Ball
1-1: Swinging Strike
1-2: Ball
2-2: Hit by Pitch
Steve Bauman to second
Batting: LHB Elias Posada 0-0: Ball
1-0: Ball
2-0: Foul Ball, location: 2F
2-1: SINGLE (Groundball, 23, EV 75.0 MPH) (infield hit)
Steve Bauman to third
Slavik Nebrodov to second
Batting: RHB Naofumi Ishida 0-0: Foul Ball, location: 2F
0-1: Called Strike
0-2: Ball
1-2: Strikes out swinging
Batting: RHB Marcus Dawson 0-0: Foul Ball, location: 2F
0-1: Ball
1-1: Foul Ball, location: 2F
1-2: Ground out 4-3 (Groundball, 34, EV 87.5 MPH)
Top of the 4th over - 0 runs, 2 hits, 0 errors, 3 left on base; Hagerstown 0 - Peoria 1
BOTTOM OF THE 4TH
Peoria Chiefs batting - Pitching for Hagerstown Suns : RHP Gary Simmons
Batting: SHB Jason Kirby 0-0: Called Strike
0-1: Ground out U3 (Groundball, 3, EV 86.2 MPH)
Batting: RHB Pat Scaturro 0-0: Ball
1-0: Ball
2-0: Ball
3-0: Called Strike
3-1: SINGLE (Flyball, 5D, EV 96.2 MPH)
Batting: LHB Adam Eisen 0-0: Ball
1-0: Ball
2-0: Ball
3-0: Base on Balls
Pat Scaturro to second
Batting: RHB Tommy Tracy 0-0: Ball
1-0: Called Strike
1-1: Ball
2-1: Swinging Strike
2-2: Foul Ball, location: 2F
2-2: SINGLE (Line Drive, 7S, EV 91.9 MPH)
Pat Scaturro to third
Adam Eisen to second
Batting: SHB Bobby O'Leary 0-0: Called Strike
0-1: Foul Ball, location: 2F
0-2: Ball
1-2: Ball
2-2: Ball
3-2: Base on Balls
Pat Scaturro scores
Adam Eisen to third
Tommy Tracy to second
Pitching: RHP Salvador Medina
Batting: RHB John Peterson 0-0: Ball
1-0: Ball
2-0: Called Strike
2-1: Foul Ball, location: 2F
2-2: Ball
3-2: Base on Balls
Adam Eisen scores
Tommy Tracy to third
Bobby O'Leary to second
Batting: LHB Billy Guzman 0-0: Swinging Strike
0-1: Ball
1-1: SINGLE (Line Drive, 89S, EV 106.9 MPH)
Tommy Tracy scores
Bobby O'Leary to third
John Peterson to second
Runner from 3rd tries for Home, throw by RF and OUT! 9-2
Batting: RHB Immel Kamuzu 0-0: Ball
1-0: Ball
2-0: SINGLE (Groundball, P, EV 83.8 MPH) (infield hit)
John Peterson to third
Billy Guzman to second
Batting: LHB Robert Rauda 0-0: Called Strike
0-1: Foul Ball, location: 2F
0-2: Foul Ball, location: 2F
0-2: Ball
1-2: Reached on error, E6 (Popup, 4MD, EV 52.5 MPH)
John Peterson scores
Billy Guzman to third
Immel Kamuzu to second
Batting: SHB Jason Kirby 0-0: Ball
1-0: Ball
2-0: Called Strike
2-1: Ball
3-1: Foul Ball, location: 2F
3-2: Foul Ball, location: 2F
3-2: Strikes out swinging
Bottom of the 4th over - 4 runs, 4 hits, 1 error, 3 left on base; Hagerstown 0 - Peoria 5
TOP OF THE 5TH
Hagerstown Suns batting - Pitching for Peoria Chiefs : LHP Carlos Toledo
Batting: RHB Antonio Morado 0-0: Ground out 4-3 (Groundball, 34D, EV 86.9 MPH)
Batting: RHB Joe Klein 0-0: Ball
1-0: Ball
2-0: Ball
3-0: Base on Balls
Batting: RHB John Savard 0-0: Ball
1-0: Fly out, F5 (Line Drive, 5, EV 68.8 MPH)
Batting: RHB Steve Bauman 0-0: Ball
1-0: Foul Ball, location: 2F
1-1: SINGLE (Line Drive, 7S, EV 93.8 MPH)
Joe Klein to second
Batting: LHB Nate Melendez 0-0: Ball
1-0: Ball
2-0: Called Strike
2-1: Foul Ball, location: 2F
2-2: Ball
3-2: Fly out, F8 (Flyball, 8RD, EV 108.1 MPH)
Top of the 5th over - 0 runs, 1 hit, 0 errors, 2 left on base; Hagerstown 0 - Peoria 5
BOTTOM OF THE 5TH
Peoria Chiefs batting - Pitching for Hagerstown Suns : RHP Salvador Medina
Batting: RHB Pat Scaturro 0-0: Called Strike
0-1: Swinging Strike
0-2: Ball
1-2: Foul Ball, location: 2F
1-2: Foul Ball, location: 2F
1-2: SINGLE (Groundball, 13, EV 76.2 MPH) (infield hit)
Batting: LHB Adam Eisen 0-0: Called Strike
0-1: Foul Ball, location: 2F
0-2: Ball
1-2: Ball
2-2: Fielders Choice at 2nd, 1-6 (Groundball, 13S, EV 71.9 MPH)
Batting: RHB Tommy Tracy 0-0: Ball
Adam Eisen steals 2nd base
1-0: Swinging Strike
1-1: Ground out 6-3 (Groundball, 6, EV 83.1 MPH)
Adam Eisen to third
Pitching: RHP Chris Bonham
Batting: SHB Bobby O'Leary 0-0: Ball
1-0: Swinging Strike
1-1: Ball
2-1: Foul Ball, location: 2F
2-2: Foul Ball, location: 2F
2-2: Ground out U3 (Groundball, 3, EV 88.1 MPH)
Bottom of the 5th over - 0 runs, 1 hit, 0 errors, 1 left on base; Hagerstown 0 - Peoria 5
TOP OF THE 6TH
Hagerstown Suns batting - Pitching for Peoria Chiefs : LHP Carlos Toledo
Batting: RHB Slavik Nebrodov 0-0: Ground out U3 (Groundball, 3S, EV 69.4 MPH)
Batting: LHB Elias Posada 0-0: Called Strike
0-1: Ball
1-1: Ball
2-1: DOUBLE (Flyball, 89D, EV 97.5 MPH)
Batting: RHB Naofumi Ishida 0-0: Ball
1-0: Called Strike
1-1: Called Strike
1-2: Strikes out swinging
Batting: RHB Marcus Dawson 0-0: Ball
1-0: Ball
2-0: Foul Ball, location: 2F
2-1: Foul Ball, location: 2F
2-2: Ball
3-2: SINGLE (Groundball, 4M, EV 101.9 MPH) (infield hit)
Elias Posada to third
Batting: RHB Antonio Morado 0-0: Ball
1-0: Called Strike
1-1: Foul Ball, location: 2F
1-2: Strikes out swinging
Top of the 6th over - 0 runs, 2 hits, 0 errors, 2 left on base; Hagerstown 0 - Peoria 5
BOTTOM OF THE 6TH
Peoria Chiefs batting - Pitching for Hagerstown Suns : RHP Chris Bonham
Batting: RHB John Peterson 0-0: Called Strike
0-1: Ball
1-1: Foul Ball, location: 2F
1-2: Strikes out swinging
Batting: LHB Billy Guzman 0-0: Called Strike
0-1: Swinging Strike
0-2: Strikes out swinging
Batting: RHB Immel Kamuzu 0-0: DOUBLE (Line Drive, 7LS, EV 105.0 MPH)
Batting: LHB Robert Rauda 0-0: Ball
1-0: Ground out 6-3 (Groundball, 6M, EV 88.8 MPH)
Bottom of the 6th over - 0 runs, 1 hit, 0 errors, 1 left on base; Hagerstown 0 - Peoria 5
TOP OF THE 7TH
Hagerstown Suns batting - Pitching for Peoria Chiefs : LHP Carlos Toledo
Pitching: RHP Andrew Ray
Batting: RHB Joe Klein 0-0: Called Strike
0-1: Ball
1-1: Foul Ball, location: 2F
1-2: Fly out, F8 (Flyball, 8LD, EV 106.2 MPH)
Batting: RHB John Savard 0-0: Called Strike
0-1: Ball
1-1: Ball
2-1: Foul Ball, location: 2F
2-2: Foul Ball, location: 2F
2-2: Ground out 6-3 (Groundball, 56, EV 85.0 MPH)
Batting: RHB Steve Bauman 0-0: Foul Ball, location: 2F
0-1: Called Strike
0-2: Foul Ball, location: 2F
0-2: Ball
1-2: Strikes out swinging
Top of the 7th over - 0 runs, 0 hits, 0 errors, 0 left on base; Hagerstown 0 - Peoria 5
BOTTOM OF THE 7TH
Peoria Chiefs batting - Pitching for Hagerstown Suns : RHP Chris Bonham
Batting: SHB Jason Kirby 0-0: Foul Ball, location: 2F
0-1: Foul Ball, location: 2F
0-2: Foul Ball, location: 2F
0-2: Ball
1-2: Strikes out swinging, 2-3 out at first.
Batting: RHB Pat Scaturro 0-0: Swinging Strike
0-1: SINGLE (Line Drive, 78S, EV 92.5 MPH)
Batting: LHB Adam Eisen 0-0: Ball
1-0: Ball
2-0: Foul Ball, location: 2F
2-1: Ball
3-1: Base on Balls
Pat Scaturro to second
Batting: RHB Tommy Tracy 0-0: Called Strike
0-1: Ball
1-1: Ball
2-1: SINGLE (Line Drive, 6D, EV 96.2 MPH)
Pat Scaturro to third
Adam Eisen to second
Batting: SHB Bobby O'Leary 0-0: Ball
1-0: Called Strike
1-1: Ball
2-1: Called Strike
2-2: Grounds into double play, 4-6-3 (Groundball, 34, EV 82.5 MPH)
Bottom of the 7th over - 0 runs, 2 hits, 0 errors, 2 left on base; Hagerstown 0 - Peoria 5
TOP OF THE 8TH
Hagerstown Suns batting - Pitching for Peoria Chiefs : RHP Andrew Ray
Batting: LHB Nate Melendez 0-0: Ball
1-0: Swinging Strike
1-1: Ball
2-1: Swinging Strike
2-2: Strikes out swinging
Batting: RHB Slavik Nebrodov 0-0: Foul Ball, location: 2F
0-1: Ground out 6-3 (Groundball, 6D, EV 96.9 MPH)
Batting: LHB Elias Posada 0-0: Ball
1-0: Ground out U3 (Groundball, 34S, EV 80.6 MPH)
Top of the 8th over - 0 runs, 0 hits, 0 errors, 0 left on base; Hagerstown 0 - Peoria 5
BOTTOM OF THE 8TH
Peoria Chiefs batting - Pitching for Hagerstown Suns : RHP Chris Bonham
Batting: RHB John Peterson 0-0: Ball
1-0: SINGLE (Groundball, 4M, EV 95.0 MPH) (infield hit)
Batting: LHB Billy Guzman 0-0: Foul Ball, location: 2F
0-1: Foul Ball, location: 2F
0-2: Fly out, F7 (Line Drive, 7, EV 92.5 MPH)
Pitching: RHP Isaiah Felton
Batting: RHB Immel Kamuzu 0-0: Ball
1-0: Called Strike
1-1: Foul Ball, location: 2F
1-2: Ball
2-2: Strikes out swinging
Batting: LHB Robert Rauda 0-0: Ball
John Peterson steals 2nd base
1-0: Ground out 1-3 (Groundball, 23, EV 72.5 MPH)
Bottom of the 8th over - 0 runs, 1 hit, 0 errors, 1 left on base; Hagerstown 0 - Peoria 5
TOP OF THE 9TH
Hagerstown Suns batting - Pitching for Peoria Chiefs : RHP Andrew Ray
Batting: RHB Naofumi Ishida 0-0: Ball
1-0: Called Strike
1-1: Fly out, F9 (Flyball, 9LM, EV 96.9 MPH)
Batting: RHB Marcus Dawson 0-0: Called Strike
0-1: Ball
1-1: SINGLE (Groundball, 5S, EV 73.8 MPH) (infield hit)
Batting: RHB Antonio Morado 0-0: Swinging Strike
0-1: Swinging Strike
0-2: Ball
1-2: Ball
2-2: Strikes out swinging
Batting: RHB Joe Klein 0-0: Called Strike
0-1: Called Strike
0-2: Ball
1-2: Ball
2-2: Fielders Choice at 2nd, 4-6 (Groundball, 4MD, EV 98.8 MPH)
Top of the 9th over - 0 runs, 1 hit, 0 errors, 1 left on base; Hagerstown 0 - Peoria 5
Wednesday, June 22nd , 2022 - OOTP Baseball 23.4 Build 64